 Dungeon Crawl Stone Soup version 0.19.5 (webtiles) character file.

287 JeffiDaFish the Shield-Bearer (level 6, -1/37 HPs)
             Began as a Gargoyle Fighter on Sept 13, 2017.
             Slain by FangTR18's ghost (9 damage)
             ... on level 4 of the Dungeon.
             The game lasted 00:05:58 (2430 turns).

JeffiDaFish the Shield-Bearer (Gargoyle Fighter)    Turns: 2430, Time: 00:05:58

Health: -1/37      AC: 18    Str: 20    XL:     6   Next: 30%
Magic:  6/6        EV:  6    Int:  8    God:
Gold:   179        SH:  9    Dex: 11    Spells: 0 memorised, 5 levels left

rFire  . . .     SeeInvis .     a - +0 flail
rCold  . . .     Gourm    .     e - +0 chain mail
rNeg   + + .     Faith    .     c - +0 shield
rPois  ∞         Spirit   .     (no helmet)
rElec  +         Reflect  .     m - +0 cloak {MR+}
rCorr  .         Harm     .     g - +1 pair of gloves
MR     +....                    p - +0 pair of boots
Stlth  ..........               (no amulet)
                                (no ring)
                                o - ring of positive energy

@: no status effects
A: negative energy resistance 1, electricity resistance, unbreathing,
petrification resistance, rot immunity, AC +4
a: no special abilities


You were on level 4 of the Dungeon.
You were not hungry.

You visited 1 branch of the dungeon, and saw 4 of its levels.

You collected 179 gold pieces.

Inventory:

Hand Weapons
 a - a +0 flail (weapon)
Armour
 c - a +0 shield (worn)
 e - a +0 chain mail (worn)
 g - a +1 pair of gloves (worn)
 m - a +0 cloak of magic resistance (worn)
 p - a +0 pair of boots (worn)
Jewellery
 o - a ring of positive energy (left hand)
Scrolls
 h - 5 scrolls of identify
 j - 6 scrolls of teleportation
 k - a scroll of amnesia
 l - 2 scrolls of remove curse
Potions
 d - a potion of resistance
Comestibles
 f - 3 bread rations
 i - 4 meat rations
 q - a slice of pizza


   Skills:
 + Level 3.5 Fighting
 + Level 4.4 Maces & Flails
 + Level 4.1 Armour
 + Level 1.3 Dodging
 + Level 0.2 Stealth
 + Level 4.8 Shields


You had 5 spell levels left.
You didn't know any spells.

Dungeon Overview and Level Annotations

Branches:
Dungeon (4/15)
 Temple: D:4-7

Altars:
Makhleb
Nemelex Xobeh
Sif Muna
Xom
Yredelemnul

Shops:
D:4 }

Annotations:
D:4 FangTR18's ghost, amateur GrFi


Innate Abilities, Weirdness & Mutations

You are resistant to torment.
Your stone body is resilient. (AC +4)
You are immune to poison.
You resist negative energy. (rN+)
You are resistant to electric shocks. (rElec)
You can survive without breathing.
You are immune to petrification.
You are immune to rotting.


Message History

You hit FangTR18's ghost but do no damage.
FangTR18's ghost is almost destroyed.
FangTR18's ghost hits you but does no damage.
You hit FangTR18's ghost.
FangTR18's ghost is almost destroyed.
FangTR18's ghost hits you but does no damage.
You hit FangTR18's ghost but do no damage.
FangTR18's ghost is almost destroyed.
FangTR18's ghost hits you but does no damage. x2
You hit FangTR18's ghost but do no damage.
FangTR18's ghost is almost destroyed.
FangTR18's ghost barely misses you.
You barely miss FangTR18's ghost.
FangTR18's ghost is almost destroyed.
FangTR18's ghost hits you!
* * * LOW HITPOINT WARNING * * *
Your shield and chain mail prevent you from hitting FangTR18's ghost.
FangTR18's ghost is almost destroyed.
FangTR18's ghost hits you!
You die...

###.#######.. ............
. #...........
..##...........
............... #+#
...#........... #.#
..........$.... #.#
........##########.########
.#......gW@)...............
#..#.#.#######.##.########
#. #.#.# #.##.###### . #.#
#.##......# .# #.#
#.#######.### ... ... #.#
#.... #.. #.# #.# #.### #.#
#.# #.# #.### ##.#.# #..
.....


You could see FangTR18's ghost and a gnoll.

Vanquished Creatures
  A worker ant (D:4)
  3 orc wizards (D:3)
  3 gnolls (D:4)
  5 adders
  An ooze (D:2)
  3 worms (D:2)
  2 dart slugs (D:3)
  5 leopard geckos
  10 orcs (D:3)
  11 bats
  3 giant cockroaches
  7 goblins
  5 hobgoblins
  3 quokkas
  2 frilled lizards
  6 kobolds
  A leopard gecko skeleton (D:4)
  7 rats
78 creatures vanquished.

Notes
Turn   | Place    | Note
-------+----------+-------------------------------------------
     0 | D:1      | JeffiDaFish the Gargoyle Fighter began the quest for the Orb.
     0 | D:1      | Reached XP level 1. HP: 14/14 MP: 1/1
   224 | D:1      | Reached XP level 2. HP: 18/19 MP: 2/2
   494 | D:2      | Found a sparkling altar of Nemelex Xobeh.
   684 | D:2      | Reached XP level 3. HP: 20/23 MP: 3/3
   816 | D:2      | Reached skill level 1 in Dodging
  1113 | D:2      | Reached XP level 4. HP: 27/28 MP: 4/4
  1187 | D:2      | Found a burning altar of Makhleb.
  1188 | D:2      | Found a shimmering altar of Xom.
  1517 | D:3      | Reached XP level 5. HP: 25/32 MP: 5/5
  2198 | D:3      | Reached XP level 6. HP: 37/37 MP: 6/6
  2204 | D:3      | Found a basalt altar of Yredelemnul.
  2205 | D:3      | Found a deep blue altar of Sif Muna.
  2261 | D:4      | Found Dybbili's Gadget Boutique.
  2372 | D:4      | Noticed FangTR18's ghost (amateur GrFi)
  2430 | D:4      | Slain by FangTR18's ghost

Skill      XL: |  1  2  3  4  5 |
---------------+----------------+-----
Dodging        | 1 |  1.3
Maces & Flails | 3 4 |  4.4
Shields        | 4 |  4.8
Armour         | 4 |  4.1
Fighting       | |  3.5
Stealth        | |  0.2

Action                   |  1- 3 |  4- 6 || total
-------------------------+-------+-------++-------
Melee: Flail             |   221 |   188 ||   409
  Use: Scroll            |     5 |     5 ||    10
       Potion            |     4 |     5 ||     9
  Eat: Chunk             |     1 |     5 ||     6
Armor: Scale mail        |    57 |       ||    57
       Chain mail        |   160 |   132 ||   292
Dodge: Dodged            |    80 |    55 ||   135
Block: Shield            |   163 |   106 ||   269
